Map: Automaton LE

Players

Saiko

  • Race: Protoss Protoss
  • League: Master
  • Spawn Location: 3:00

NORTHAMERICA - Winner!

  • Race: Protoss Protoss
  • League: Grandmaster
  • Spawn Location: 9:00

VOD

Have the link to the VOD?

Description

Time

  • Played on: Feb. 17, 2019, 2:52 a.m.
  • Length: 6:59
Show
View Real Time Build Order
Export as new Build Order

Saiko Protoss 

Build Orders: Blink Stalkers 

Get SALT Encoding   

  12  0:00  Probe  
  13  0:12  Probe  
  14  0:18  Pylon  
  14  0:24  Probe  
  15  0:32  Probe  
  15  0:38  Gateway  
  15  0:40  Probe  
  16  0:48  Assimilator  
  17  0:51  Probe  
  17  0:56  Assimilator  
  18  1:00  Probe  
  19  1:08  Probe  
  19  1:10  Gateway  
  19  1:18  Probe  
  21  1:26  Cybernetics Core  
  21  1:30  Probe  
  22  1:39  Pylon  
  22  1:42  Probe  
  23  1:59  Warp Gate  
  23  2:02  Stalker  
  23  2:03  Sentry  
  23  2:08  Probe  
  28  2:17  Pylon  
  28  2:26  Pylon  
  28  2:38  Twilight Council  
  28  2:51  Nexus  
  28  3:00  Stalker  
  28  3:05  Probe  
  31  3:13  Probe  
  31  3:14  Blink  
  32  3:21  Probe  
  33  3:34  Probe  
  33  3:36  Shield Battery  
  34  3:47  Stalker  
  36  3:49  Probe  
  36  3:53  Forge  
  37  3:56  Stalker  
  39  4:03  Probe  
  39  4:04  Pylon  
  39  4:05  Probe  
  41  4:13  Probe  
  41  4:15  Probe  
  42  4:21  Probe  
  42  4:23  Probe  
  43  4:29  Probe, Protoss Ground Weapons Level 1  
  45  4:33  Probe, Robotics Facility  
  47  4:40  Sentry  
  47  4:41  Probe  
  50  4:46  Pylon, Probe  
  51  4:53  Probe  
  51  4:58  Probe  
  53  5:06  Probe  
  51  5:08  Probe  
  49  5:15  Probe  
  49  5:16  Probe  
  50  5:23  Probe  
  50  5:24  Probe  
  50  5:25  Stargate, Observer  
  53  5:30  Assimilator  
  53  5:34  Probe, Assimilator  
  54  5:36  Probe  
  55  5:46  Probe  
  55  5:48  Probe  
  57  5:51  Gateway  
  57  5:56  Warp Prism  
  59  5:58  Gateway  
  59  5:59  Probe  
  59  6:00  Probe  
  61  6:04  Phoenix  
  61  6:05  Gateway  
  61  6:07  Gateway  
  61  6:09  Shield Battery  
  61  6:16  Sentry x2  
  67  6:28  Phoenix  
  69  6:38  Pylon x2  
  69  6:40  Pylon  
Show
View Real Time Build Order
Export as new Build Order

NORTHAMERICA Protoss - Winner!

Build Orders:  

Get SALT Encoding   

  12  0:01  Probe  
  13  0:13  Probe  
  14  0:19  Pylon  
  14  0:25  Probe  
  15  0:35  Probe  
  15  0:40  Gateway  
  16  0:43  Probe  
  16  0:49  Assimilator  
  17  0:52  Probe  
  18  0:58  Assimilator  
  18  1:01  Probe  
  18  1:09  Probe  
  19  1:18  Gateway  
  20  1:20  Probe  
  21  1:32  Probe  
  22  1:33  Cybernetics Core  
  22  1:44  Pylon, Probe  
  23  1:59  Warp Gate  
  23  2:02  Probe  
  24  2:09  Sentry, Stalker  
  24  2:14  Pylon, Probe  
  31  2:37  Sentry  
  30  2:48  Probe, Robotics Facility  
  30  2:50  Stalker  
  33  3:09  Nexus  
  33  3:12  Pylon  
  33  3:17  Probe  
  34  3:28  Shield Battery  
  34  3:29  Probe, Warp Prism  
  37  3:41  Probe  
  38  3:51  Robotics Bay  
  38  3:53  Probe  
  39  4:06  Probe  
  40  4:14  Immortal  
  40  4:18  Probe  
  45  4:27  Probe  
  45  4:30  Probe  
  47  4:33  Shield Battery  
  47  4:36  Adept  
  49  4:39  Probe  
  49  4:41  Adept  
  49  4:42  Probe  
  53  4:45  Gravitic Drive  
  53  4:52  Probe  
  54  4:54  Disruptor  
  55  5:16  Gateway  
  55  5:17  Gateway  
  55  5:18  Gateway  
  55  5:19  Gateway  
  55  5:20  Disruptor  
  53  5:23  Assimilator  
  53  5:32  Pylon  
  56  5:37  Stalker  
  56  5:39  Stalker  
  56  5:42  Pylon  
  60  5:49  Probe  
  61  5:53  Pylon  
  61  6:01  Sentry  
  61  6:03  Stalker  
  65  6:08  Probe  
  66  6:12  Probe  
  66  6:13  Stalker x2  
  66  6:14  Stalker  
  73  6:20  Stalker  
  75  6:27  Zealot x2  
  79  6:41  Stalker x3  
Tags
 
Composition
Blink Stalkers
Matchup
PvP
Spawn Locations
Cross Positions
Add a new tag
Caveats
  • Supply blocks, unpowered buildings, or Contaminate may cause inaccurate times.
  • Supply counts are checked every 10 seconds.